Match 42772784
Unlisted

Match 42772784
End
Selects Airborne Battlegroup
Selects Heavy Machine Gun Paradrop
Heavy Machine Gun Paradrop
Construct Weapon Support Center
Bazooka Squad
Heavy Machine Gun Paradrop
Heavy Machine Gun Paradrop
Mechanized Support Center
Selects Paratrooper Squad Paradrop
Paratrooper Squad Paradrop
Paratrooper Squad Paradrop
Construct Tank Depot
Selects Recon Loiter
Recon Loiter
Improved M9 Bazooka Rockets
Selects Supply Drop
Supply Drop
M4A1 Sherman Medium Tank
Recon Loiter
Selects Anti-tank Gun Team Paradrop
Designate Forward Repair Station
Supply Drop
Recon Loiter
M4A1 Sherman Medium Tank
Recon Loiter
M4A1 76mm Conversion
Supply Drop
M4A1(76) Sherman Medium Tank
JDG
Luckyman55
Mad
.
spinn72
旧时光
ailgbczvo
hghmkfjix
0
0

Comments sign in to comment!

No comments posted yet!